 Dungeon Crawl Stone Soup version 0.28.0-1-gb440e238dd (webtiles) character file.

Game seed: 344469489853387408

422 RascalDebosk the Ruffian (level 6, -11/62 HPs)
             Began as a Troll Fighter on Feb 25, 2022.
             Killed from afar by Dowan (15 damage)
             ... with a stone arrow
             ... on level 4 of the Dungeon on Feb 27, 2022.
             The game lasted 00:44:49 (2438 turns).

RascalDebosk the Ruffian (Troll Fighter)            Turns: 2438, Time: 00:44:50

Health: -11/62     AC:  5    Str: 25    XL:     6   Next: 63%
Magic:  5/5        EV:  8    Int:  6    God:
Gold:   11         SH:  8    Dex: 11    Spells: 5/5 levels left

rFire   . . .      SeeInvis .     - Unarmed
rCold   . . .      Faith    .   b - +0 kite shield
rNeg    . . .      Spirit   .   u - +0 robe of Ihuo {rPois Will+ Dex+2}
rPois   +          Reflect  .   g - +1 hat
rElec   .          Harm     .   (no cloak)
rCorr   .          Rampage  .   (gloves unavailable)
Will    +....                   (boots unavailable)
Stlth   +.........              (no amulet)
HPRegen 1.00/turn               (no ring)
MPRegen 0.09/turn               (no ring)

@: no status effects
A: large, unfitting armour, claws 3, regeneration 1, shaggy fur 1, tough skin 1
a: no special abilities


You were on level 4 of the Dungeon.
You visited 1 branch of the dungeon, and saw 4 of its levels.

You collected 119 gold pieces.
You spent 108 gold pieces at shops.

Inventory:

Hand Weapons
 l - a +0 short sword of venom
 n - a +1 vorpal falchion
Missiles
 i - a poisoned dart
 j - 123 stones (quivered)
 p - 4 atropa-tipped darts
Armour
 a - a +0 robe
 b - a +0 kite shield (worn)
 g - a +1 hat (worn)
 u - the +0 robe of Ihuo (worn) {rPois Will+ Dex+2}
   (You bought it in a shop on level 1 of the Dungeon)

   Dex:       It affects your dexterity (+2).
   rPois:     It protects you from poison.
   Will:      It increases your willpower.
Jewellery
 o - an amulet of magic regeneration
 t - a ring of magical power
Wands
 q - a wand of acid (5)
Scrolls
 d - a scroll of vulnerability
 f - a scroll of blinking
 k - a scroll of immolation
 m - a scroll of identify {unknown}
Potions
 c - a potion of might
 e - a potion of lignification {unknown}
 h - a potion of magic {unknown}
 r - a potion of cancellation {unknown}


   Skills:
 + Level 3.7 Fighting
 + Level 2.8 Throwing
 - Level 0.4 Armour
 - Level 2.4 Dodging
 + Level 3.6 Shields
 + Level 4.0 Unarmed Combat


You had 5 spell levels left.
You didn't know any spells.
Your spell library contained the following spells:

 Spells                   Type           Power      Damage    Failure   Level
 Dazzling Flash           Conj/Hex       0%         N/A       98%         3
 Agony                    Necr           0%         N/A       100%        5
 Silence                  Hex/Air        0%         N/A       100%        5


Dungeon Overview and Level Annotations

Branches:
Dungeon (4/15)
 Temple: D:4-7

Altars:
Yredelemnul

Shops:
D:1 [

Annotations:
D:4 Dowan


Innate Abilities, Weirdness & Mutations

You are too large for most types of armour.
You have claws for hands.
Your natural rate of healing is unusually fast.
You are covered in fur. (AC +1)
You have tough skin. (AC +1)


Message History

Dowan zaps a wand.
The puff of flame hits you!
* * * LOW HITPOINT WARNING * * *
An orc comes into view. It is wielding a +0 dagger.
Dowan casts a spell.
Dowan blinks!
You hear a shout!
Aiming: Corrosive Bolt
Press: ? - help, Shift-Dir - straight line, f - Dowan
Aim: Dowan, wielding a +0 dagger, wearing a +0 robe and carrying a wand of flame (15) (moderately wounded, fast, 60% to hit)
The bolt of acid hits Dowan!
The acid corrodes Dowan!
Dowan is almost dead.
Dowan zaps a wand.
The puff of flame hits you.
* * * LOW HITPOINT WARNING * * *
Dowan drinks a potion.
Dowan is healed!
Throw: 125 stones
Press: ? - help, Q - select action, (/) - cycle Shift-Dir - straight line, f/p - Dowan
Aim: Dowan, wielding a +0 dagger, wearing a +0 robe and carrying a wand of flame (14) (heavily wounded, fast, covered in acid, 46% to hit)
You throw a stone. The stone hits Dowan.
Dowan is severely wounded.
Dowan casts a spell.
Dowan blinks!
Throw: 124 stones
Press: ? - help, Q - select action, (/) - cycle Shift-Dir - straight line, f - orc
Aim: an orc, wielding a +0 falchion and wearing a +0 leather armour (57% to hit)
You throw a stone.
The stone hits the orc but does no damage.
You block the orc's attack.
You claw the orc!
You kill the orc!
Dowan zaps a wand.
The puff of flame hits you.
* * * LOW HITPOINT WARNING * * *
The orc hits you but does no damage.
Things that are here:
a +0 falchion; a +0 leather armour; an orc corpse You claw the orc!
You kill the orc!
Dowan shakes with grief.
Dowan points at you and mumbles some strange words.
The stone arrow hits you!
You die...

#.# *,,,,,,,....#.# ..#
*,*****,*#..#.#
#.#****,*****,*#..#.#
#...,,,,,,,**,*#/.#.#
#.###**,**,*#,*#!.#.#
#.# *,**,*#.##..#e# #.#
*,**,,,#.....(#
#.#****,*####.##..###
,..,,,,,,.......@.#****
****,,,,,.......).....#
* *,****######.#####.# *
**,*********..,,,,,,*
***,,,**,,,,,..#*,**,,*
,,,,,,,>,**,##.*,,,*,,*
,,,,,,,,,*,,,#.,,,,,,,*
,,,,,,,,,,,,,..,,,,*,,**
*,,,,,,,,*,,,,**,,**,,,*


You could see Dowan (fast, corroded).

Vanquished Creatures
  Sigmund (D:2)
  Duvessa (D:4)
  An iguana (D:4)
  Robin (D:2)
  4 adders
  A white imp (D:3)
  2 dart slugs
  6 orcs
  5 endoplasms
  3 giant cockroaches
  20 goblins
  10 hobgoblins
  5 jackals (D:1)
  6 quokkas
  4 ball pythons
  5 bats
  2 frilled lizards
  8 kobolds
  2 rats (D:1)
87 creatures vanquished.

Vanquished Creatures (others)
  5 plants
5 creatures vanquished.

Grand Total: 92 creatures vanquished

Notes
Turn   | Place    | Note
-------+----------+-------------------------------------------
     0 | D:1      | RascalDebosk the Troll Fighter began the quest for the Orb.
     0 | D:1      | Reached XP level 1. HP: 22/22 MP: 0/0
   132 | D:1      | Found Ypris's Antique Armour Boutique.
   146 | D:1      | Reached XP level 2. HP: 29/29 MP: 1/1
   522 | D:1      | Reached XP level 3. HP: 29/36 MP: 2/2
   526 | D:1      | Reached skill level 1 in Throwing
   912 | D:2      | Noticed Sigmund
   934 | D:2      | Killed Sigmund
   935 | D:2      | Reached skill level 3 in Unarmed Combat
   935 | D:2      | Reached XP level 4. HP: 10/45 MP: 3/3
   935 | D:2      | Reached XP level 5. HP: 12/53 MP: 4/4
  1079 | D:2      | Noticed Robin
  1103 | D:2      | Killed Robin
  1331 | D:2      | Found a faded altar of an unknown god.
  1505 | D:3      | Reached XP level 6. HP: 55/61 MP: 5/5
  2223 | D:1      | Bought a bloodstained robe for 108 gold pieces
  2223 | D:1      | Identified the +0 robe of Ihuo {rPois Will+ Dex+2} (You
                  | bought it in a shop on level 1 of the Dungeon)
  2308 | D:4      | Found a basalt altar of Yredelemnul.
  2401 | D:4      | Noticed Duvessa
  2401 | D:4      | Noticed Dowan
  2413 | D:4      | Killed Duvessa
  2414 | D:4      | Reached skill level 4 in Unarmed Combat
  2433 | D:4      | HP: 2/62 [Dowan/puff of flame (5)]
  2438 | D:4      | Killed from afar by Dowan

Illustrated notes

Levels and vault maps discovered:
D:1:      nicolae_arrival_memento_mori, layout_loops_cross, serial_shops,
          nicolae_shop_overgrown_old_shop, minmay_cut_off
D:2:      layout_rooms, shapermc_ecumenical_altar_venn, uniq_sigmund, uniq_robin
D:3:      layout_basic
D:4:      layout_loops_ring, nicolae_wu_jian_wuxing_cycle,
          mainiacjoe_overflow_alcove_1, hangedman_decor_clover_reticule,
          serial_bayou_lagoon_b, uniq_blork_the_orc, uniq_ijyb, uniq_duvessa,
          uniq_grinder

Skill      XL: |  1  2  3  4  5  6 |
---------------+-------------------+-----
Throwing       | 2 |  2.8
Fighting       | 3 |  3.7
Shields        | 3 |  3.6
Unarmed Combat | 3 4 |  4.0
Armour         | |  0.4
Dodging        | |  2.4

Action                   |  1- 3 |  4- 6 || total
-------------------------+-------+-------++-------
Melee: Unarmed           |    52 |   129 ||   181
       Short sword       |    27 |     4 ||    31
Throw: Dart              |     1 |       ||     1
       Stone             |       |    25 ||    25
Evoke: Wand              |       |     1 ||     1
  Use: Scroll            |       |     7 ||     7
Armor: Robe              |     8 |    44 ||    52
Dodge: Dodged            |    26 |    51 ||    77
Block: Kite shield       |    16 |    62 ||    78
